[Event "1st Kallai Gabor Memorial Blitz 2022"]
[Site "Budapest"]
[Date "2022.12.01"]
[Round "2.5"]
[White "Ruck, Robert"]
[Black "Bjerre, Jonas Buhl"]
[Result "1-0"]
[ECO "A04"]
[WhiteElo "2537"]
[BlackElo "2622"]
[Annotator "TA"]
[PlyCount "75"]
[EventDate "2022.12.01"]
[EventType "blitz"]
[EventCountry "HUN"]
[SourceTitle "playchess.com"]
[Source "ChessBase"]
[SourceQuality "1"]
[TimeControl "300+3"]

1. Nf3 c5 2. c4 Nc6 3. Nc3 g6 4. e3 Bg7 5. d4 d6 6. d5 Ne5 7. Nxe5 Bxe5 8. Bd3 e6 {[%emt 0:00:02] A35: Symmetrical English: 2 Nc3 Nc6 3 Nf3.} 9. e4 exd5 {[%emt 0:00:02] [#]} 10. Nxd5 $146 ({Predecessor:} 10. cxd5 a6 11. O-O {½-½ (11) Savchenko,S (2498)-Varga,Z (2446) Budapest 2013}) 10... Nf6 {[%emt 0:00:31] The position is equal.} 11. Ne3 O-O 12. O-O Re8 13. Re1 a6 14. a4 Bd7 15. Ra3 Bc6 16. f3 Nh5 17. Ng4 {[%emt 0:00:47] Inhibits f5.} Bd4+ 18. Be3 Bxb2 19. Ra2 Bg7 (19... Bc3 $5 ) 20. Qd2 Qd7 21. a5 Nf6 22. Nh6+ Kf8 23. Bf1 Ng8 24. Ng4 $1 Rad8 25. Ra3 {[%emt 0:00:02] [#]} (25. Nf2 $11) 25... Qe6 (25... Bxe4 $1 $17 {[%mdl 512] Strongly threatening ...Bf5.} 26. Nf2 (26. Rd1 Bc6) 26... Bc6) 26. Rd3 $11 (26. Bf2 {is interesting.} f5 27. exf5 Qxf5 28. Rxe8+ Kxe8 29. Rd3) 26... Rd7 27. Rd1 Red8 28. Qc1 $2 {[%emt 0:00:21] [#]} (28. Bf4 $11) 28... Ne7 $2 ({Better is} 28... Bxe4 $1 $19 29. Rb3 Bc6) 29. Bg5 f6 30. Bf4 f5 31. Nf2 fxe4 (31... Kg8 $11 {remains equal.}) 32. fxe4 $16 Be5 {[%emt 0:00:10] [#] This move loses the game for Black.} (32... Bxe4 $2 33. Re1 Be5 34. Nxe4 $18) (32... Qf6 $16) 33. g3 $1 $18 {[%emt 0:00:18] Threatens to win with Bh3.} Kg8 $2 (33... Qf7 34. Bh3 Bxf4 35. gxf4 Rc7 36. Rxd6 Rxd6 37. Rxd6 Be8) 34. Bh3 {[%emt 0:00:01][%cal Bf1h3,Bh3d7,Bd7e6][%mdl 96] Skewer} Qf6 (34... Nf5 $142 35. Bxe5 Qxe5 36. exf5 gxf5 37. Qg5+ Kh8) 35. Ng4 {[%emt 0:00:12] aiming for Bxe5.} Qg7 36. Nxe5 {[%emt 0:00:02][%mdl 64] Discovered Attack} dxe5 37. Bxd7 {[%emt 0:00:01] Threatening mate with Be6+.} exf4 38. Be6+ {[%emt 0:00:01] Weighted Error Value: White=0.19 (very precise) /Black=0.57} 1-0

[Event "1st Kallai Gabor Memorial Blitz 2022"]
[Site "Budapest"]
[Date "2022.12.01"]
[Round "3.1"]
[White "Kozak, Adam"]
[Black "Borhy, Marcell"]
[Result "1-0"]
[ECO "A06"]
[WhiteElo "2538"]
[BlackElo "2407"]
[Annotator "TA"]
[PlyCount "73"]
[EventDate "2022.12.01"]
[EventType "blitz"]
[EventCountry "HUN"]
[SourceTitle "playchess.com"]
[Source "ChessBase"]
[SourceQuality "1"]
[TimeControl "300+3"]

1. Nf3 d5 2. e3 Nf6 3. b3 Bg4 4. Bb2 e6 5. h3 Bxf3 6. Qxf3 {[%emt 0:00:04] A06: Réti Opening: 1 Nf3 d5.} Be7 7. g3 O-O 8. Bg2 {[%emt 0:00:02] The position is equal.} c5 9. O-O Nc6 {[%emt 0:00:02] [#]} 10. Qe2 $146 ({Predecessor:} 10. d3 Nd7 11. Qe2 Bf6 12. c4 Bxb2 13. Qxb2 Nf6 14. cxd5 exd5 15. Nd2 Rc8 16. Nf3 {½-½ (46) Smyslov,V-Savon,V Petropolis 1973}) 10... Rc8 11. d3 Re8 12. c4 d4 13. e4 e5 14. Nd2 g6 15. Nf3 Nh5 16. Bc1 Bf6 17. Bd2 Bg7 18. Nh2 Qd6 19. Bf3 Nf6 20. h4 h5 21. Bg2 a6 22. Bh3 Rc7 23. Nf3 b5 24. Rac1 b4 25. Ng5 a5 26. f4 a4 27. f5 axb3 28. axb3 Ra7 29. Rc2 (29. Ra1 {is interesting.} Ra5 30. fxg6 fxg6 31. Qf3) 29... Ra3 30. Rb2 Na5 {[%emt 0:00:11] [#]} (30... Nd8 $14) 31. Qd1 ({Resist} 31. fxg6 fxg6 32. Qd1 Nc6 $14) ({White should try} 31. Nxf7 $1 $16 Kxf7 32. fxg6+ Kxg6 33. Bg5) 31... Nh7 $2 {[%emt 0:00:06][%mdl 8192] [#] Black cannot hold the game after this.} (31... Nc6 $14) 32. Nxf7 $1 $18 {[%emt 0:00:07][%mdl 512] White is clearly winning.} Qa6 (32... Qc6 33. fxg6) 33. Ng5 Nxg5 34. hxg5 {[%emt 0:00:03][%cal Bh4g5,Bg5g6][%mdl 32] aiming for fxg6.} Ra8 35. fxg6 Qxg6 36. Bf5 Qe8 37. g6 {[%emt 0:00:01] Weighted Error Value: White=0.07 (flawless) /Black=0.12 (very precise)} 1-0

[Event "1st Kallai Gabor Memorial Blitz 2022"]
[Site "Budapest"]
[Date "2022.12.01"]
[Round "3.2"]
[White "Bjerre, Jonas Buhl"]
[Black "Berkes, Ferenc"]
[Result "1-0"]
[ECO "D11"]
[WhiteElo "2622"]
[BlackElo "2643"]
[Annotator "TA"]
[PlyCount "77"]
[EventDate "2022.12.01"]
[EventType "blitz"]
[EventCountry "HUN"]
[SourceTitle "playchess.com"]
[Source "ChessBase"]
[SourceQuality "1"]
[TimeControl "300+3"]

1. Nf3 d5 2. d4 c6 3. c4 Nf6 4. e3 a6 5. Nbd2 Bf5 6. Nh4 {[%emt 0:00:01] D11: Slav Defence: 3 Nf3 sidelines and 3...Nf6 4 e3 Bg4.} Bg4 7. Qc2 g6 $5 {[%emt 0:00:06][%mdl 4] A promising side line.} 8. h3 {[%emt 0:00:09] White is slightly better.} Be6 {[%emt 0:00:02] [#]} 9. Be2 $146 ({Predecessor:} 9. c5 Bg7 10. Bd3 O-O 11. O-O a5 12. Nb1 Na6 13. a3 Ne4 14. Nc3 f5 15. Nf3 {1-0 (49) Sargissian,G (2682)-Kobalia,M (2614) Chess.com INT 2020}) 9... Bg7 10. O-O O-O 11. b3 c5 12. cxd5 (12. dxc5 $14 Ne4 13. Bb2) 12... Nxd5 $11 13. Qxc5 Nc6 $1 14. Bb2 Rc8 $1 15. Qa3 Ncb4 {[%emt 0:00:10] Hoping for ...Nc2.} 16. Rac1 (16. Bd1 $1 $15) 16... Nc2 $17 17. Rxc2 ({But not} 17. Qa4 $2 Bd7 $19) 17... Rxc2 18. Nhf3 {[%emt 0:00:02] [#]} b5 $1 $36 {[%emt 0:01:44][%mdl 2048] And now ...b4 would win. Black is on the roll.} 19. Ba1 (19. Rb1 $17 {was worth a try.}) 19... Qb6 20. Bd3 Rc7 21. Ne4 Bf5 22. Ne5 $2 (22. Ne1 $17) 22... Rfc8 (22... Bxe5 $142 23. dxe5 {[#]} Nxe3 $1 ) 23. Nc5 $2 (23. Nf3) 23... Bxe5 $19 24. e4 Nf4 (24... b4 $2 25. Qxa6 Qxa6 26. Bxa6 $19) 25. exf5 Nxd3 26. Nxd3 Bd6 (26... Bxd4 $142 27. fxg6 hxg6) 27. b4 gxf5 28. Nc5 Kh8 $2 (28... Qc6 $19 {Strongly threatening ...Qd5.} 29. Re1 Qd5) 29. d5+ $1 $11 f6 30. Qd3 $2 (30. Bd4 $11 {and White has nothing to worry.}) 30... Bxc5 $19 31. bxc5 Rxc5 (31... Qxc5 $19 32. Qxf5 Qd6) 32. Bd4 $11 {[%emt 0:00:11] [#]} Qd6 $1 33. Bxc5 Rxc5 34. Qxf5 (34. Rd1 $1 $11) 34... Qxd5 {[%emt 0:00:07] KQR-KQR} 35. Qg4 (35. Qb1 $17) 35... Qxa2 $19 36. Rd1 {[%emt 0:00:05] Threatening mate with Rd8+.} Qg8 {[%emt 0:00:14] Inhibits Rd8.} (36... Rg5 $19 37. Qe4 Re5) 37. Qd7 $17 Qf7 38. Qa7 ({White should play} 38. Rd3 $15) 38... Rd5 $2 (38... Re5 $17 39. Qxa6 Qc4) 39. Qa8+ {[%emt 0:00:02] Weighted Error Value: White=0.54/Black=0.53} 1-0

[Event "1st Kallai Gabor Memorial Blitz 2022"]
[Site "Budapest"]
[Date "2022.12.01"]
[Round "3.3"]
[White "Motylev, Alexander"]
[Black "Ruck, Robert"]
[Result "1-0"]
[ECO "B12"]
[WhiteElo "2628"]
[BlackElo "2537"]
[Annotator "TA"]
[PlyCount "79"]
[EventDate "2022.12.01"]
[EventType "blitz"]
[EventCountry "HUN"]
[SourceTitle "playchess.com"]
[Source "ChessBase"]
[SourceQuality "1"]
[TimeControl "300+3"]

1. e4 c6 2. d4 d5 3. e5 Bf5 4. h4 h5 5. Bd3 Bxd3 6. Qxd3 {[%emt 0:00:02][%cal Oe5e6] B12: Caro-Kann: Advance Variation.} Qa5+ 7. Nd2 {[%emt 0:00:03][%cal Oe5e6] e6! is the strong threat.} (7. c3 $5 ) 7... e6 8. Ngf3 {[%emt 0:00:02] The position is equal.} Ne7 9. O-O Nf5 10. Nb3 Qa6 11. Qd1 Be7 12. g3 Nd7 13. Bg5 Bxg5 14. Nxg5 Rc8 15. Re1 {[%emt 0:00:02] [#]} g6 $146 ({Predecessor:} 15... Qb6 16. Rc1 g6 17. c4 dxc4 18. Rxc4 O-O 19. Ne4 Qd8 20. Ra4 Ra8 21. Nbc5 Nb6 {1-0 (40) Stefansson,H (2534)-Mis,M (2388) Przeworsk 2022}) 16. c3 Kf8 17. Qd2 Kg7 18. Kg2 b6 19. Nc1 Nf8 20. Ne2 Nh7 21. Nf3 c5 22. Nf4 cxd4 23. Nxd4 Nxd4 24. cxd4 Rc6 25. a4 Rhc8 26. b3 Rc2 27. Qb4 R8c7 28. Re3 Qa5 29. Qxa5 bxa5 30. Re2 R2c3 31. Rb1 Rb7 32. Re3 Rc2 33. Nd3 Rd2 34. Kf1 Nf8 35. Ke1 Ra2 36. Re2 Ra3 {[%emt 0:00:17][%mdl 8192] [#] Black cannot hold the game after this.} (36... Rxe2+ $1 $11 {and Black is okay.} 37. Kxe2 Nd7) 37. Nc5 $18 Rb4 38. Rd2 f6 39. f4 Kf7 {[%emt 0:00:03] [#]} 40. Kd1 $1 {[%emt 0:00:01] Weighted Error Value: White=0.07 (flawless) /Black=0.24 (precise)} 1-0

[Event "1st Kallai Gabor Memorial Blitz 2022"]
[Site "Budapest"]
[Date "2022.12.01"]
[Round "3.4"]
[White "Beliavsky, Alexander G"]
[Black "Horvath, Csaba"]
[Result "0-1"]
[ECO "A43"]
[WhiteElo "2487"]
[BlackElo "2502"]
[Annotator "TA"]
[PlyCount "90"]
[EventDate "2022.12.01"]
[EventType "blitz"]
[EventCountry "HUN"]
[SourceTitle "playchess.com"]
[Source "ChessBase"]
[SourceQuality "1"]
[TimeControl "300+3"]

1. d4 Nf6 2. Nf3 c5 3. d5 b5 4. a4 b4 5. c4 g6 6. Nbd2 Bg7 7. e4 d6 8. Bd3 O-O 9. O-O {[%emt 0:00:00] A57: Benko/Volga Gambit.} a5 10. h3 {[%emt 0:00:02] [#]} e5 $146 ({Predecessor:} 10... e6 11. Re1 Na6 12. Qb3 Nc7 13. Nf1 Nd7 14. Bg5 Qe8 15. e5 dxe5 16. d6 f5 17. dxc7 {1-0 (30) Sanchez Zambrano,V (1760)-Orbezo Rosales,X (1804) Lima 2012}) 11. Re1 {[%emt 0:00:06] The position is equal.} Nh5 12. Nf1 Ra7 13. Ng3 Nf4 14. Bf1 Re7 15. Ne2 Nxe2+ 16. Qxe2 Nd7 17. Bg5 f6 18. Bd2 f5 19. Ng5 Nf6 20. g3 $2 {[%emt 0:00:59] Now White is beyond hope.} (20. exf5 $17 {might work better.} gxf5 21. g3) 20... h6 $19 21. Ne6 Bxe6 22. dxe6 Nxe4 (22... fxe4 23. h4 $15) 23. Bg2 {[%emt 0:00:01] [#]} Nxd2 (23... Rxe6 24. Bxe4 fxe4 25. Qxe4 $17) 24. Qxd2 e4 (24... Rxe6 25. Bd5 Rfe8 26. Bxe6+ Rxe6 27. Qd5 $15) 25. f3 Bd4+ (25... Rxe6 $2 26. fxe4 Bd4+ 27. Kh1 fxe4 28. Qxh6 $19) 26. Kh1 e3 (26... Rxe6 $2 {too greedy.} 27. fxe4 fxe4 28. Qxh6 $19) 27. Rxe3 Bxe3 {Black is clearly winning.} 28. Qxe3 f4 29. gxf4 Rf6 30. f5 gxf5 31. f4 Kh7 (31... Rfxe6 32. Bd5 Qe8 33. Re1 $11) 32. Bd5 Rg6 33. Qd3 Qf8 34. Re1 Qf6 35. Rf1 (35. Re2 $142) 35... Reg7 {[%emt 0:00:04] [#] ...Rg3 is the strong threat.} 36. Qe2 Rg3 37. Qh5 Qg6 ({Inferior is} 37... Qxb2 38. Qxf5+ Kh8 39. Qf8+ Kh7 40. Qf5+ (40. Qxd6 $2 Rxh3#) (40. Be4+ R7g6 $11) 40... R7g6 41. e7 $11) 38. Qxg6+ Kxg6 {[%emt 0:00:01][%cal Bh7g6,Bg6f6,Bf6e6][%mdl 4128] Endgame KRR-KRB} 39. Kh2 Kf6 40. Re1 {[%emt 0:00:18][%cal Oe6e7] Threatens to win with e7!} Rd3 {[%emt 0:00:14] Inhibits e7. Strongly threatening ...Rd2+.} 41. Re2 {[%emt 0:00:05] Against Rd2} Rd4 42. Rf2 b3 43. Bg2 Kxe6 (43... Rxc4 $142 44. e7 Rxe7) 44. Re2+ Kd7 45. Bd5 Rxf4 {[%emt 0:00:04] Weighted Error Value: White=0.75/Black=0.33} 0-1

[Event "1st Kallai Gabor Memorial Blitz 2022"]
[Site "Budapest"]
[Date "2022.12.01"]
[Round "3.5"]
[White "Gaal, Zsoka"]
[Black "Troff, Kayden"]
[Result "1-0"]
[ECO "A05"]
[WhiteElo "2286"]
[BlackElo "2483"]
[Annotator "TA"]
[PlyCount "79"]
[EventDate "2022.12.01"]
[EventType "blitz"]
[EventCountry "HUN"]
[SourceTitle "playchess.com"]
[Source "ChessBase"]
[SourceQuality "1"]
[TimeControl "300+3"]

1. Nf3 Nf6 2. c4 g6 3. Nc3 d5 4. cxd5 Nxd5 5. h4 Bg7 6. e4 {[%emt 0:00:46] A16: English Opening: 1...Nf6 with ...d5.} Nxc3 7. bxc3 (7. dxc3 {simplifies} Qxd1+ 8. Kxd1 Nd7 9. Nd4) 7... c5 8. Rb1 {[%emt 0:00:27] White has an edge.} Nc6 9. h5 {[%emt 0:00:06] [#]} a6 $146 ({Predecessor:} 9... O-O 10. Bc4 Na5 11. Be2 Be6 12. Qa4 b6 13. e5 Qd5 14. Qh4 Bf5 15. hxg6 Bxg6 {0-1 (59) Elgersma,O (2282)-Shahade,G (2476) Chess.com INT 2021}) 10. a4 Rb8 11. Bc4 Ne5 (11... O-O $11 {remains equal.}) 12. Nxe5 $16 Bxe5 13. Qf3 e6 14. hxg6 hxg6 15. Rxh8+ Bxh8 16. Bxa6 $40 {[%emt 0:00:05][%mdl 128] White wants a kill. White is more active.} Kf8 $2 {[%emt 0:00:27] Loses the game.} (16... Be5 $16 17. Bb5+ Bd7) 17. Ba3 $18 Qc7 {[%emt 0:00:18] [#]} 18. Rb5 $1 b6 (18... bxa6 $2 19. Rxc5 $18) (18... Qh2 19. Rxc5) 19. Bxc8 Rxc8 20. a5 $1 Kg8 $2 (20... Qa7 {keeps fighting.} 21. Rxb6 Kg8) 21. axb6 ({Less strong is} 21. Rxb6 Ra8 $16) 21... Qc6 22. Rxc5 Qb7 23. Rxc8+ Qxc8 {[%mdl 4096] Endgame KQB-KQB} 24. Qe3 {[%emt 0:00:10] [#] Black must now prevent Qc5.} Be5 25. Qc5 Qb8 26. d4 Bf4 27. Qc6 Qd8 28. b7 {[%emt 0:00:06] White mates.} Kg7 29. e5 Bg5 30. Qd6 Qa5 31. Qf8+ ({Worse is} 31. b8=R Qxc3+ 32. Kf1 Qd3+ 33. Kg1 Qd1+ 34. Kh2 Qh5+ 35. Kg1 Qd1+ 36. Kh2 Qh5+ 37. Kg1 Qd1+ $11) 31... Kh7 32. Qxf7+ ({Not} 32. b8=R Qxc3+ 33. Kf1 Qd3+ 34. Kg1 Qd1+ 35. Kh2 Qh5+ 36. Kg1 Qd1+ 37. Kh2 Qh5+ 38. Kg1 Qd1+ $11) 32... Kh6 33. Bf8+ Kh5 34. Qh7+ Bh6 35. Qxh6+ Kg4 36. Qh3+ Kf4 37. Qf3+ Kg5 38. Be7+ Kh6 39. Qh3+ Kg7 40. Bf6+ {[%emt 0:00:01] Weighted Error Value: White=0.18 (very precise) /Black=0.88} 1-0

[Event "1st Kallai Gabor Memorial Blitz 2022"]
[Site "Budapest"]
[Date "2022.12.01"]
[Round "4.1"]
[White "Gaal, Zsoka"]
[Black "Motylev, Alexander"]
[Result "1-0"]
[ECO "A06"]
[WhiteElo "2286"]
[BlackElo "2628"]
[Annotator "TA"]
[PlyCount "63"]
[EventDate "2022.12.01"]
[EventType "blitz"]
[EventCountry "HUN"]
[SourceTitle "playchess.com"]
[Source "ChessBase"]
[SourceQuality "1"]
[TimeControl "300+3"]

1. Nf3 d5 2. g3 e6 3. Bg2 Nf6 4. O-O Be7 5. d4 O-O 6. c4 a5 7. Qc2 {[%emt 0:00:13] E06: Closed Catalan: Early deviations.} a4 8. Nbd2 Nc6 9. Rd1 {[%emt 0:00:58] [#] White has an edge.} Bd7 $146 ({Predecessor:} 9... a3 10. e4 axb2 11. Bxb2 Ba3 12. e5 Bxb2 13. Qxb2 Nd7 14. a4 Nb6 15. c5 Nd7 {0-1 (53) Hnydiuk,A (2394)-Matlakov,M (2674) Chess.com INT 2022}) 10. e4 Nb4 {[%emt 0:00:53] Inhibits e5.} 11. Qb1 c5 12. exd5 exd5 13. a3 $1 Nc6 14. cxd5 Nxd4 15. Nxd4 cxd4 16. Nc4 (16. b4 $14) 16... Bg4 (16... Bc5 $11 {remains equal.}) 17. Rxd4 $16 {[%emt 0:00:19][%cal Bd1d4,Bd4f4,Bf4f5][%mdl 32] Hoping for d6.} Bc5 {[%emt 0:00:01] Prevents d6.} 18. Rf4 g5 {[%emt 0:00:21] [#]} 19. Rf5 h6 {[%emt 0:00:17] [#]} 20. h4 Re8 $1 $11 {[%emt 0:00:05] ...Re1+ is the strong threat.} (20... Bxf5 21. Qxf5 Nh7 22. Be4 $16) 21. hxg5 {[%emt 0:00:07] [#]} (21. Bd2 $11 {keeps the balance.} Re2 22. Qd3) 21... Re1+ (21... Ne4 $1 $17 22. Rxf7 (22. Bxe4 $2 Bxf5 23. Nd2 Qxg5 $19) (22. Re5 Nxf2) 22... Kxf7 23. Bxe4 {[#]} Bf5 $1 24. Bxf5 Re1+ 25. Kh2 Qxd5 26. Ne5+ Ke7 27. Ng6+ Ke8) 22. Kh2 $14 Bxf5 {[%emt 0:00:08] Black cannot hold the game after this.} ({Black should play} 22... Ne4 $14 23. Re5 (23. Bxe4 $2 {perishes.} Bxf5 24. Ne3 Bxe3 $19) 23... f5 24. gxf6 (24. gxh6 $2 Bxf2 $19) 24... Bxf2 25. f7+ (25. Rxe4 Bg1+ 26. Kh1 Be3+ 27. Kh2 Bg1+ 28. Kh1 Be3+ 29. Kh2 Bg1+ $11) 25... Kxf7 26. Bxe4 Qf6) 23. Qxf5 $18 {[%emt 0:00:01] Really sharp!} Nh7 (23... Bxf2 24. gxf6 (24. Qxf6 $2 Qxf6 25. gxf6 Rc8 $19) 24... Bg1+ 25. Kh3 Qc8) 24. g6 ({Stronger than} 24. gxh6 Qf6 25. Qg4+ Qg6 26. Qxg6+ fxg6 $11) 24... Nf6 {[%emt 0:00:01] [#]} 25. Bg5 $1 Rxa1 (25... Kg7 26. Rxe1) 26. Bxf6 {[%emt 0:00:01] White mates.} (26. Qxf6 $2 {is the wrong capture.} Qxf6 27. Bxf6 Rc1 $19) 26... Qc8 27. gxf7+ Kxf7 28. Ne5+ Kf8 29. Qg6 Qc7 30. d6 Bxd6 {[%emt 0:00:06] [#]} 31. Bd5 $1 {[%emt 0:00:01][%csl Gd5][%cal Rg6g8] This pair of bishops is nice.} Rh1+ 32. Kxh1 {[%emt 0:00:07] Weighted Error Value: White=0.50/Black=0.63} 1-0

[Event "1st Kallai Gabor Memorial Blitz 2022"]
[Site "Budapest"]
[Date "2022.12.01"]
[Round "4.2"]
[White "Troff, Kayden"]
[Black "Beliavsky, Alexander G"]
[Result "1-0"]
[ECO "A46"]
[WhiteElo "2483"]
[BlackElo "2487"]
[Annotator "TA"]
[PlyCount "41"]
[EventDate "2022.12.01"]
[EventType "blitz"]
[EventCountry "HUN"]
[SourceTitle "playchess.com"]
[Source "ChessBase"]
[SourceQuality "1"]
[TimeControl "300+3"]

1. d4 Nf6 2. Nf3 e6 3. Bf4 c5 4. e3 Nc6 5. Nc3 d5 $2 {[%emt 0:00:04] [#]} (5... cxd4 $11 {and Black has nothing to worry.} 6. exd4 (6. Nxd4 d6 $11) 6... Be7) 6. Nb5 $1 $18 {[%emt 0:00:01] Threatens to win with Nc7+. A46: 1 d4 Nf6 2 Nf3 e6: Torre, London and Colle Systems.} Kd7 {[%emt 0:02:09] [#]} 7. Bc7 $146 {[%emt 0:00:08] Inhibits a6.} (7. Ng5 $18) ({Predecessor:} 7. Ng5 cxd4 8. exd4 Qe7 9. Bd6 Qe8 10. Nc7 Bxd6 11. Nxe8 Kxe8 12. Bd3 h6 13. Nf3 {1-0 (36) Seliverstov,V (2464)-Tristan,L (2458) Chess.com INT 2017}) 7... Qe8 {[%emt 0:00:14][%mdl 8192] Loses the game.} (7... Qe7 $16 {is tougher.}) 8. Ne5+ Nxe5 9. Bxe5 {[%emt 0:00:09] Strongly threatening Nc7.} Qd8 10. Nc7 {[%emt 0:00:10] Inhibits a6.} Rb8 {[%emt 0:00:01] [#]} 11. Nxe6 $1 fxe6 12. Bxb8 ({Stronger than} 12. Bb5+ Ke7 13. Bxb8 Qa5+ 14. c3 Qxb5 $15) 12... Qb6 13. Be2 Qxb2 14. O-O ({Don't take} 14. Bxa7 Qc3+ 15. Kf1 c4 $18) 14... b6 $2 (14... c4 {keeps fighting.} 15. Bxa7 Bd6) 15. Rb1 ({Don't play} 15. Bxa7 Ne4 16. Bg4 h5 $18) 15... Qa3 16. c4 {[%emt 0:00:09] White is clearly winning.} cxd4 17. cxd5 Nxd5 18. Qxd4 Qc5 19. Bb5+ Ke7 20. Qh4+ Kf7 21. Rfc1 {[%emt 0:00:06] Weighted Error Value: White=0.31/Black=1.17} 1-0

[Event "1st Kallai Gabor Memorial Blitz 2022"]
[Site "Budapest"]
[Date "2022.12.01"]
[Round "4.3"]
[White "Horvath, Csaba"]
[Black "Kozak, Adam"]
[Result "1/2-1/2"]
[ECO "E17"]
[WhiteElo "2502"]
[BlackElo "2538"]
[Annotator "TA"]
[PlyCount "45"]
[EventDate "2022.12.01"]
[EventType "blitz"]
[EventCountry "HUN"]
[SourceTitle "playchess.com"]
[Source "ChessBase"]
[SourceQuality "1"]
[TimeControl "300+3"]

1. d4 Nf6 2. Nf3 e6 3. g3 b6 4. Bg2 Bb7 5. c4 Be7 6. Nc3 Ne4 7. Bd2 Nxd2 8. Qxd2 O-O 9. O-O d6 10. d5 e5 {[%emt 0:00:26] E18: Queen's Indian: Old Main Line (4 g3 Bb7 5 Bg2 Be7 6 0-0 0-0 7 Nc3).} 11. e4 a5 12. Ne1 Nd7 {[%emt 0:00:10] The position is equal.} 13. Nd3 Nc5 14. f4 Nxd3 15. Qxd3 {[%emt 0:00:01] [#]} Bc8 $146 (15... exf4 $11 16. gxf4 Re8) ({Predecessor:} 15... Bf6 16. f5 h5 17. h4 Bc8 18. Bf3 g6 19. Kg2 Kg7 20. Rh1 Bd7 21. Nd1 Rh8 {0-1 (60) Tomashevsky,E (2701)-Terry,R (2463) Chess.com INT 2017}) 16. Kh1 (16. f5 $14) 16... Bf6 (16... exf4 $11 17. gxf4 Bf6) 17. Rae1 {[%emt 0:00:06] White is more active.} (17. f5 $1 $14) 17... Bd7 ({Black should play} 17... exf4 $11 18. gxf4 Bxc3 19. Qxc3 Qh4) 18. b3 ({White should try} 18. f5 $14) 18... Kh8 19. a4 Qe7 20. Nd1 (20. f5 $14) 20... Rae8 21. Ne3 (21. f5 $14) 21... g6 (21... exf4 $15 22. gxf4 Rg8) 22. f5 $14 Bg5 23. h4 {[%emt 0:00:13] Weighted Error Value: White=0.34/Black=0.38} 1/2-1/2

[Event "1st Kallai Gabor Memorial Blitz 2022"]
[Site "Budapest"]
[Date "2022.12.01"]
[Round "4.4"]
[White "Borhy, Marcell"]
[Black "Bjerre, Jonas Buhl"]
[Result "0-1"]
[ECO "A04"]
[WhiteElo "2407"]
[BlackElo "2622"]
[Annotator "TA"]
[PlyCount "64"]
[EventDate "2022.12.01"]
[EventType "blitz"]
[EventCountry "HUN"]
[SourceTitle "playchess.com"]
[Source "ChessBase"]
[SourceQuality "1"]
[TimeControl "300+3"]

1. Nf3 c5 2. c4 Nc6 3. Nc3 g6 4. e3 Bg7 5. d4 d6 6. d5 Ne5 7. Nxe5 Bxe5 8. Bd3 e6 9. O-O Ne7 10. e4 O-O {[%emt 0:00:03] [#] A35: Symmetrical English: 2 Nc3 Nc6 3 Nf3.} 11. Be3 $146 ({Predecessor:} 11. Bh6 Bg7 12. Qd2 e5 13. a3 Bd7 14. b4 Bxh6 15. Qxh6 Kh8 16. bxc5 Ng8 17. Qe3 Qa5 18. Nb5 dxc5 19. Qxc5 {½-½ (45) Peralta,F (2513)-Pablo Marin,A (2431) Spain 2003}) 11... exd5 12. cxd5 f5 {[%emt 0:00:24] The position is equal.} 13. f4 Bg7 {[%emt 0:00:32] [#]} (13... Bd4 $11 14. Bxd4 cxd4) 14. e5 $1 $16 dxe5 15. d6 ({But not} 15. Bxc5 e4 16. Bc4 Kh8 $14) (15. Bc4 $16) 15... Nc6 $14 16. Bxc5 Be6 17. fxe5 Bxe5 18. Re1 (18. Bb5 $1 $11) 18... Bxd6 $17 19. Bxd6 Qxd6 20. Kh1 {[%emt 0:00:11][%cal Od3f5] [#] aiming for Bxf5!} Rad8 21. Bb5 Nd4 22. Bf1 Bf7 {[%emt 0:00:03] Black is more active.} 23. Qa4 a6 24. Rad1 b5 25. Qa5 Qf6 26. a4 (26. a3 $142) 26... b4 $19 27. Nb1 Nc2 28. Rxd8 Rxd8 ({Weaker is} 28... Nxe1 29. Rxf8+ Kxf8 30. Qxb4+ Qe7 31. Qc3 $16) ({Stronger than} 28... Qxd8 29. Qxd8 Rxd8 30. Rc1 $19) 29. Rc1 Ne3 30. Qxb4 Bd5 (30... Qg5 $19 {White must now prevent ...Bd5.} 31. g3 Nxf1 32. Rxf1 Qe3) 31. Qc3 $2 (31. Nc3 $17 Qc6 32. Kg1 Nxf1 33. Qe7) 31... Qg5 32. Kg1 Nxf1 {[%emt 0:00:06] Weighted Error Value: White=0.58/Black=0.11 (very precise)} 0-1

[Event "1st Kallai Gabor Memorial Blitz 2022"]
[Site "Budapest"]
[Date "2022.12.01"]
[Round "4.5"]
[White "Berkes, Ferenc"]
[Black "Ruck, Robert"]
[Result "1/2-1/2"]
[ECO "A49"]
[WhiteElo "2643"]
[BlackElo "2537"]
[Annotator "TA"]
[PlyCount "35"]
[EventDate "2022.12.01"]
[EventType "blitz"]
[EventCountry "HUN"]
[SourceTitle "playchess.com"]
[Source "ChessBase"]
[SourceQuality "1"]
[TimeControl "300+3"]

1. d4 Nf6 2. Nf3 g6 3. g3 Bg7 4. Bg2 d5 5. O-O O-O 6. c3 c6 7. a4 {[%emt 0:00:02] D02: 1 d4 d5 2 Nf3 sidelines, including 2...Nf6 3 g3 and 2...Nf6 3 Bf4.} Bf5 8. Nbd2 Nbd7 {[%emt 0:00:02][%cal Bb8d7,Bd7b6,Bb6c8][%mdl 32] [#]} 9. h3 $146 ({Predecessor:} 9. a5 c5 10. Nb3 c4 11. Nbd2 Qc7 12. Nh4 Be6 13. Re1 Rfe8 14. e4 dxe4 15. Nxe4 Nxe4 16. Bxe4 {1-0 (39) Van Gysel,M (1872)-Kraujunas,V (1700) LSS email 2014}) 9... Re8 10. Nh4 (10. g4 $5 Be6 11. Ng5 $11) 10... Be6 11. f4 Nb6 12. f5 Bd7 (12... gxf5 {simplifies} 13. Nxf5 Bxf5 14. Rxf5 Nc8) 13. g4 (13. a5 $11 Nc8 14. e4 dxe4 15. Nxe4) 13... e5 $1 $15 {[%emt 0:00:09] And now ...exd4 would win.} 14. g5 ({Better is} 14. a5 $15 Nc8 15. fxg6 hxg6 16. Nhf3 exd4 17. cxd4) 14... Nh5 $17 15. f6 Bf8 16. a5 Nc8 {[%emt 0:00:06] Hoping for ...e4.} 17. Ndf3 (17. Nhf3 $17 Qc7 18. dxe5 (18. Nxe5 Rxe5 19. dxe5 Bc5+ 20. Rf2 Bxf2+ 21. Kxf2 Qxe5 $17)) 17... Ng3 $2 {[%emt 0:00:30] [#]} (17... exd4 $19 18. cxd4 Re4) 18. Nxe5 {[%emt 0:00:09] Weighted Error Value: White=0.35/Black=0.33} 1/2-1/2